AoeStats
← Among Comets

Black Forest

508130765Analyzed
3v3 RM · 13d ago on Sep 21, 2026· 70m 34s· 6 players
Game mode
Random Map
Map size
Normal (6 player)
Population
200
Speed
Normal
Resources
Standard
Victory
Conquest
Starting age
Dark Age
Ending age
Imperial Age
RankedLock teamsTeams togetherTeam positionsShared explorationLock speedFull tech treeHidden civsTurbo modeCheats
Victory
Defeat
🇺🇸 Italians · United States
711
+16
🇺🇸 Khmer · United States
700
+16
🇺🇸 Vikings · United States
688
+17
🇺🇸 Slavs · United States
730
-17
🇲🇽 Bohemians · Mexico
711
-16
🇨🇱 Persians · Chile
691
-16
MAKNUCRINGE
13:48 Feudal Age
15:05 Wheelbarrow
14:21 Double-Bit Axe
14:20 Horse Collar
22:22 Castle Age
20:49 Gold Mining
20:50 Stone Mining
22:22 Forging
22:18 Scale Barding Armor
23:33 Scale Mail Armor
23:56 Bloodlines
25:46 Hand Cart
26:56 Gold Shaft Mining
26:42 Bow Saw
26:38 Heavy Plow
28:09 Caravan
31:29 Imperial Age
29:59 Iron Casting
31:05 Chain Barding Armor
31:02 Chain Mail Armor
31:00 Husbandry
33:08 Heavy Scorpion
35:33 Blast Furnace
35:09 Plate Barding Armor
36:25 Two-Man Saw
36:26 Ballistics
37:09 Chemistry
37:07 Conscription
38:48 Plate Mail Armor
38:05 Elite Boyar
45:25 Druzhina
47:12 Pikeman
47:54 Squires
61:17 Onager
62:31 Halberdier
67:53 Siege Onager
pipo
1:16 Loom
11:42 Feudal Age
20:44 Castle Age
19:48 Horse Collar
19:59 Double-Bit Axe
22:14 Wheelbarrow
21:59 Bow Saw
21:53 Heavy Plow
22:44 Gold Mining
22:45 Stone Mining
26:21 Stone Shaft Mining
29:55 Hand Cart
36:11 Imperial Age
33:53 Fletching
34:04 Padded Archer Armor
34:10 Scale Barding Armor
34:17 Forging
34:28 Thumb Ring
33:44 Crossbowman
34:54 Ballistics
34:47 Masonry
34:31 Heated Shot
34:33 Guard Tower
35:31 Kamandaran
37:28 Two-Man Saw
37:10 Crop Rotation
37:35 Gold Shaft Mining
38:18 Chemistry
37:42 Bodkin Arrow
38:02 Leather Archer Armor
38:24 Conscription
39:31 Chain Barding Armor
39:49 Ring Archer Armor
41:46 Elite War Elephant
43:05 Hoardings
43:42 Plate Barding Armor
43:08 Scale Mail Armor
43:18 Forging
42:49 Capped Ram
43:53 Murder Holes
44:02 Arson
44:18 Squires
44:03 Gambesons
43:39 Man-at-Arms
43:40 Pikeman
44:11 Sappers
44:55 Citadels
45:43 Siege Ram
46:18 Halberdier
46:19 Long Swordsman
49:31 Architecture
59:45 Caravan
60:16 Coinage
59:57 Guilds
59:51 Onager
65:13 Banking
White Wolf
0:29 Loom
17:11 Feudal Age
19:10 Double-Bit Axe
19:07 Horse Collar
21:05 Wheelbarrow
24:46 Town Watch
29:01 Castle Age
28:14 Scale Mail Armor
28:24 Forging
30:10 Bow Saw
32:23 Caravan
33:15 Man-at-Arms
33:56 Squires
33:41 Arson
35:53 Hand Cart
35:39 Town Patrol
40:13 Imperial Age
38:52 Chain Mail Armor
39:12 Iron Casting
38:53 Scale Barding Armor
40:35 Chemistry
40:42 Heavy Plow
40:45 Husbandry
40:05 Light Cavalry
42:18 Two-Man Saw
44:36 Cavalier
45:23 Houfnice
47:18 Chain Barding Armor
47:33 Iron Casting
47:18 Chain Barding Armor
47:33 Iron Casting
48:46 Plate Mail Armor
48:45 Siege Engineers
48:52 Careening
58:20 Elite Hussite Wagon
59:21 Conscription
65:06 Long Swordsman
66:25 Two-Handed Swordsman
67:47 Ballistics
67:39 Fortified Wall
67:24 Murder Holes
68:36 Wagenburg Tactics
68:00 Champion
Among Comets
19:36 Feudal Age
21:51 Wheelbarrow
22:16 Double-Bit Axe
29:00 Castle Age
30:59 Hand Cart
35:11 Imperial Age
37:59 Chemistry
37:12 Fortified Wall
37:23 Ballistics
38:04 Chemistry
37:39 Town Watch
38:25 Town Patrol
43:50 Caravan
47:12 Siege Engineers
47:32 Bow Saw
49:53 Double Crossbow
51:24 Heavy Scorpion
66:57 Capped Ram
Gehoee31
0:27 Loom
16:16 Feudal Age
20:40 Stone Mining
20:44 Gold Mining
20:44 Horse Collar
26:53 Castle Age
25:47 Double-Bit Axe
25:57 Fletching
30:54 Caravan
31:22 Heavy Plow
31:38 Bow Saw
33:11 Fortified Wall
34:03 Silk Road
33:59 Town Watch
35:37 Murder Holes
35:52 Scale Barding Armor
36:25 Stone Shaft Mining
40:18 Imperial Age
38:45 Chain Barding Armor
38:48 Heated Shot
39:53 Ballistics
39:37 Scale Mail Armor
40:20 Wheelbarrow
39:09 Pikeman
40:35 Forging
40:30 Squires
41:45 Conscription
41:23 Arson
42:16 Hand Cart
43:13 Iron Casting
43:41 Chemistry
44:32 Plate Barding Armor
45:44 Two-Man Saw
45:09 Husbandry
45:21 Bloodlines
45:07 Light Cavalry
47:10 Crop Rotation
47:43 Blast Furnace
50:47 Bodkin Arrow
50:17 Elite Genoese Crossbowman
53:37 Chain Mail Armor
61:21 Cavalier
65:43 Plate Mail Armor
65:04 Arrowslits
66:26 Town Patrol
66:16 Treadmill Crane
66:40 Bracer
66:11 Onager
68:41 Padded Archer Armor
68:54 Masonry
Bonging Dro
0:29 Loom
17:09 Feudal Age
18:43 Double-Bit Axe
18:42 Horse Collar
18:55 Stone Mining
19:07 Gold Mining
25:26 Castle Age
24:18 Scale Mail Armor
24:29 Forging
23:48 Man-at-Arms
24:17 Arson
24:16 Fishing Lines
27:24 Gillnets
27:38 Heavy Plow
28:00 Bow Saw
29:27 Long Swordsman
30:09 Squires
29:55 Gambesons
30:49 Chain Mail Armor
31:10 Iron Casting
31:43 Gold Shaft Mining
37:58 Imperial Age
36:58 Coinage
36:29 Caravan
38:24 Chieftains
38:57 Town Watch
39:52 Crop Rotation
40:31 Two-Man Saw
39:15 Two-Handed Swordsman
39:17 Pikeman
40:35 Plate Mail Armor
41:06 Blast Furnace
40:12 Scale Barding Armor
41:39 Conscription
42:19 Banking
41:27 Champion
41:35 Heavy Scorpion
41:36 Capped Ram
42:49 Onager
47:21 Elite Berserk
48:04 Bogsveigar
47:36 Sappers
48:42 Hoardings
49:34 Chain Barding Armor
49:06 Fletching
49:17 Padded Archer Armor
49:13 Treadmill Crane
49:24 Heated Shot
49:55 Ballistics
50:38 Chemistry
49:45 Siege Engineers
49:38 Murder Holes
49:38 Guard Tower
49:35 Arrowslits
50:01 Fortified Wall
50:02 Masonry
55:18 Siege Ram
55:27 Cavalier
55:29 Light Cavalry
59:29 Leather Archer Armor
59:09 Bodkin Arrow
61:57 Crossbowman
61:58 Elite Skirmisher
Connection lost

Rejoining the realm…

Still unreachable

The connection could not be restored.

Session expired

The server has moved on; the page needs a fresh start.